 Dungeon Crawl Stone Soup version 0.29-a0-322-g68df515428 (webtiles) character file.

Game seed: 1806504514367978507

7 Hubjo the Sneak (level 1, -1/12 HPs)
             Began as a Deep Elf Wanderer on Apr 7, 2022.
             Slain by a frilled lizard (3 damage)
             ... on level 1 of the Dungeon.
             The game lasted 00:00:59 (167 turns).

Hubjo the Sneak (Deep Elf Wanderer)                  Turns: 167, Time: 00:00:59

Health: -1/12      AC:  3    Str: 12    XL:     1   Next: 83%
Magic:  3/3        EV: 11    Int: 14    God:
Gold:   3          SH:  0    Dex: 13    Spells: 0/0 levels left

rFire   . . .      SeeInvis .   a - +3 mace
rCold   . . .      Faith    .   (no shield)
rNeg    . . .      Spirit   .   d - +0 robe
rPois   .          Reflect  .   (no helmet)
rElec   .          Harm     .   (no cloak)
rCorr   .          Rampage  .   b - +0 pair of gloves
Will    .....                   (no boots)
Stlth   ++........              (no amulet)
HPRegen 0.04/turn               (no ring)
MPRegen 0.08/turn               (no ring)

@: no status effects
A: no striking features
a: no special abilities


You were on level 1 of the Dungeon.
You visited 1 branch of the dungeon, and saw 1 of its levels.

You collected 3 gold pieces.

Inventory:

Hand Weapons
 a - a +3 mace (weapon)
Armour
 b - a +0 pair of gloves (worn)
 d - a +0 robe (worn)
Potions
 c - a potion of invisibility


   Skills:
 + Level 1.7 Fighting
 + Level 3.0 Maces & Flails
 + Level 1.1 Armour
 + Level 3.8 Stealth


You couldn't memorise any spells.
You didn't know any spells.
Your spell library was empty.

Dungeon Overview and Level Annotations

Branches:
Dungeon (1/15)

Altars:


Message History

You are too injured to fight recklessly!
You are too injured to fight recklessly!
You are too injured to fight recklessly!
You are too injured to fight recklessly!
You are too injured to fight recklessly!
You are too injured to fight recklessly!
You are too injured to fight recklessly!
You are too injured to fight recklessly!
You are too injured to fight recklessly!
You are too injured to fight recklessly!
You are too injured to fight recklessly!
You are too injured to fight recklessly!
You see here a scroll labelled VUHEIQAOXI.
You catch the helpless endoplasm completely off-guard!
You hit the endoplasm.
The endoplasm is heavily wounded.
The endoplasm freezes you.
You are frozen.
* * * LOW HITPOINT WARNING * * *
You hit the endoplasm.
You kill the endoplasm!
A frilled lizard comes into view.
A frilled lizard is nearby!
A frilled lizard is nearby!
You are too injured to fight recklessly!
You are too injured to fight recklessly!
You are too injured to fight recklessly!
You are too injured to fight recklessly!
The frilled lizard hisses angrily.
The frilled lizard barely misses you. The frilled lizard closely misses you.
The frilled lizard barely misses you.
The frilled lizard bites you but does no damage.
The frilled lizard completely misses you.
The frilled lizard closely misses you. The frilled lizard barely misses you.
The frilled lizard barely misses you. The frilled lizard closely misses you.
The frilled lizard bites you.
You die...

###..≈≈≈≈...# .#
##......#.#...#.
#...........#..
##..#.###..#.. #
..####........#...#. #
#........#..#...#.. #..
##.#####..#...#...#...#
....>...#...#...#.(.#
#######...#...#@..#
#)#...#..l#...#
#....#.).#...#...#
#..#...#...#...#..
#....#...#...#...#
....#...#...#...#.
.......#...#...#.
####..#...#...#...#
#....#...#...#.


You could see a frilled lizard.

Vanquished Creatures
  An endoplasm (D:1)
  2 goblins (D:1)
  A hobgoblin (D:1)
  A quokka (D:1)
5 creatures vanquished.

Notes
Turn   | Place    | Note
-------+----------+-------------------------------------------
     0 | D:1      | Hubjo the Deep Elf Wanderer began the quest for the Orb.
     0 | D:1      | Hubjo set off with the following items: a +3 mace, a +0
                  | pair of gloves, a potion of invisibility, a +0 robe
     0 | D:1      | Reached XP level 1. HP: 12/12 MP: 3/3
   167 | D:1      | Slain by a frilled lizard

Illustrated notes

Levels and vault maps discovered:
D:1:      dpeg_arrival_pits, layout_loops_ring, serial_rivers,
          chequers_serial_rivers_micro_d, chequers_serial_rivers_room_a,
          chequers_serial_rivers_room_b, chequers_serial_rivers_small_a,
          chequers_serial_rivers_large_a, chequers_serial_rivers_large_b,
          minivault_24, chequers_serial_rivers_micro_c, hex_large

Skill      XL: |  1 |
---------------+----+-----
Maces & Flails | 3 |  3.0
Fighting       | |  1.7
Armour         | |  1.1
Stealth        | |  3.8

Action                   || total
-------------------------++-------
Melee: Mace              ||    21
       Punch             ||     1
 Stab: Distracted        ||     1
Armor: Robe              ||     7
Dodge: Dodged            ||    19

Table legend: (Time is in decaauts)
 A = Elapsed time spent in this place.
 B = Non-inter-level travel time spent in this place.
 C = Inter-level travel time spent in this place.
 D = Time resting spent in this place.
 E = Time spent auto-exploring this place.
 F = Levels seen in this place.
 G = Mean time per level.
                   A        B        C        D        E       F      G
               +--------+--------+--------+--------+--------+-----+--------+
         Total |    172 |    172 |      0 |      0 |    116 |   1 |  172.0 |
       Dungeon |    172 |    172 |      0 |      0 |    116 |   1 |  172.0 |
               +--------+--------+--------+--------+--------+-----+--------+

Top non-repeatable levels by time:
     D:1: 172 daAuts
